Map: Abyssal Reef LE

Players

Yata - Winner!

  • Race: Zerg Zerg
  • Spawn Location: 11:00

A.I. 1 (Easy)

  • Race: Protoss Protoss
  • Spawn Location: 5:00

VOD

Have the link to the VOD?

Description

Time

  • Played on: July 7, 2017, 11:52 a.m.
  • Length: 11:13
Show
View Real Time Build Order
Export as new Build Order

Yata Zerg - Winner!

Build Orders: Hatch First 

Get SALT Encoding   

  12  0:01  Drone  
  13  0:13  Overlord  
  13  0:21  Drone  
  14  0:31  Drone x2  
  14  0:35  Drone  
  17  0:56  Hatchery  
  16  0:59  Drone  
  16  1:01  Drone  
  18  1:14  Extractor  
  17  1:19  Spawning Pool  
  17  1:22  Drone  
  17  1:25  Drone  
  18  1:28  Drone  
  20  1:40  Drone  
  20  1:50  Overlord  
  20  2:10  Zergling x4  
  20  2:15  Queen  
  22  2:16  Queen  
  22  2:18  Metabolic Boost  
  26  2:28  Drone x3  
  29  2:43  Drone  
  32  2:44  Drone x2  
  32  2:51  Drone  
  33  2:53  Queen  
  35  3:00  Overlord  
  35  3:13  Drone  
  35  3:18  Queen  
  36  3:31  Overlord x2  
  36  3:32  Overlord  
  36  3:50  Drone x2  
  36  3:51  Drone x6  
  44  4:12  Queen  
  44  4:15  Queen  
  48  4:18  Hatchery  
  47  4:39  Drone x13  
  60  4:47  Queen  
  63  5:21  Drone  
  63  5:22  Drone x4  
  63  5:23  Overlord  
  67  5:47  Lair  
  67  5:56  Overlord  
  67  6:21  Extractor  
  66  6:49  Extractor  
  66  6:51  Spore Crawler  
  64  7:03  Hydralisk Den  
  58  7:23  Zergling x6  
  58  7:24  Zergling x20  
  58  7:25  Zergling x2  
  70  8:19  Hydralisk x6  
  75  8:43  Extractor  
  75  8:44  Pneumatized Carapace  
  75  8:47  Queen  
  75  8:48  Queen  
  76  8:51  Overlord x4  
  77  9:00  Zergling x12  
  79  9:24  Zergling x18  
  80  9:25  Zergling x6  
  80  9:26  Queen  
  93  10:04  Spire  
  88  10:48  Zergling x2  
  88  10:49  Zergling x16  
Show
View Real Time Build Order
Export as new Build Order

A.I. 1 (Easy) Protoss 

Build Orders:  

Get SALT Encoding   

  12  0:01  Probe (Chrono Boost)  
  13  0:11  Probe (Chrono Boost)  
  14  0:20  Pylon  
  14  0:22  Probe (Chrono Boost)  
  15  0:38  Probe (Chrono Boost)  
  16  0:44  Assimilator  
  16  0:51  Gateway  
  16  0:56  Pylon  
  16  1:18  Assimilator  
  16  1:38  Zealot  
  16  1:43  Cybernetics Core  
  19  1:47  Probe (Chrono Boost)  
  19  1:59  Pylon  
  19  2:04  Probe (Chrono Boost)  
  20  2:10  Warp Gate  
  21  2:15  Probe (Chrono Boost)  
  21  2:18  Adept  
  23  2:28  Probe (Chrono Boost)  
  24  2:39  Probe (Chrono Boost)  
  25  2:44  Adept  
  25  2:50  Probe (Chrono Boost)  
  28  3:09  Stalker  
  30  5:27  Stalker  
  32  5:29  Pylon, Probe (Chrono Boost)  
  33  5:36  Nexus  
  33  5:47  Probe (Chrono Boost)  
  33  5:49  Robotics Facility, Stalker  
  36  5:52  Pylon  
  36  5:58  Probe (Chrono Boost)  
  37  6:10  Probe (Chrono Boost)  
  37  6:11  Stalker  
  40  6:32  Sentry  
  42  6:35  Observer  
  43  6:50  Probe (Chrono Boost)  
  43  6:53  Probe (Chrono Boost)  
  45  6:55  Observer  
  45  6:57  Assimilator  
  45  6:58  Assimilator  
  45  7:01  Probe (Chrono Boost)  
  47  7:04  Probe (Chrono Boost)  
  48  7:12  Probe (Chrono Boost)  
  48  7:14  Probe (Chrono Boost)  
  51  7:23  Probe (Chrono Boost)  
  51  7:25  Stalker, Probe (Chrono Boost)  
  50  7:35  Probe x2 (Chrono Boost)  
  48  7:46  Probe (Chrono Boost)  
  48  7:47  Observer, Zealot, Probe (Chrono Boost)  
  52  7:57  Probe (Chrono Boost)  
  52  7:58  Probe (Chrono Boost)  
  54  8:08  Adept, Probe (Chrono Boost)  
  54  8:09  Probe (Chrono Boost)  
  54  8:14  Pylon  
  47  8:20  Probe (Chrono Boost)  
  47  8:21  Immortal, Probe (Chrono Boost)  
  44  8:32  Probe (Chrono Boost)  
  44  8:33  Probe (Chrono Boost)  
  34  8:37  Stalker  
  29  8:43  Probe x2 (Chrono Boost)  
  27  8:55  Probe x2 (Chrono Boost)  
  27  8:58  Immortal  
  29  9:06  Probe (Chrono Boost)  
  29  9:09  Probe (Chrono Boost)  
  31  9:10  Stalker  
  34  9:17  Probe (Chrono Boost)  
  34  9:21  Probe (Chrono Boost)  
  35  9:28  Probe (Chrono Boost)  
  35  9:30  Zealot  
  39  9:33  Probe (Chrono Boost)  
  39  9:39  Probe (Chrono Boost)  
  39  9:43  Probe (Chrono Boost)  
  41  9:50  Probe (Chrono Boost)  
  41  9:52  Adept  
  44  9:54  Probe (Chrono Boost)  
  44  9:59  Observer  
  45  10:02  Probe (Chrono Boost)  
  45  10:04  Probe (Chrono Boost)  
  47  10:10  Gateway  
  47  10:11  Adept  
  47  10:12  Forge  
  46  10:14  Probe (Chrono Boost)  
  46  10:16  Stargate  
  46  10:18  Warp Prism  
  30  10:28  Stalker  
  24  10:36  Probe (Chrono Boost)  
  24  10:50  Adept  
  23  11:00  Probe (Chrono Boost)  
  10  11:05  Adept  
Tags
 
Matchup
PvZ
Replay Pack
Pack 1
Spawn Locations
Cross Positions
Add a new tag
Caveats
  • Supply blocks, unpowered buildings, or Contaminate may cause inaccurate times.
  • Supply counts are checked every 10 seconds.